 Dungeon Crawl Stone Soup version 0.22.1-1-ga44c0e56f4 (webtiles) character file.

2973 Peloso the Carver (level 9, -1/117 HPs)
             Began as a Minotaur Fighter on Oct 27, 2018.
             Was an Elder of Okawaru.
             Splashed by a jelly's acid (3 damage)
             ... on level 7 of the Dungeon.
             The game lasted 00:12:56 (6267 turns).

Peloso the Carver (Minotaur Fighter)                Turns: 6267, Time: 00:12:56

Health: -1/117     AC: 24    Str: 23    XL:     9   Next: 53%
Magic:  8/8        EV:  2    Int: 10    God:    Okawaru [****..]
Gold:   340        SH: 12    Dex: 16    Spells: 8/8 levels left

rFire    . . .     SeeInvis +   a - +0 long sword
rCold    . . .     Gourm    .   c - +0 shield
rNeg     + + +     Faith    .   (armour currently unavailable)
rPois    +         Spirit   .   (helmet unavailable)
rElec    .         Reflect  .   (cloak currently unavailable)
rCorr    .         Harm     .   (gloves currently unavailable)
MR       .....     NoTele   +   (boots currently unavailable)
Stlth    +++.......             (no amulet)
HPRegen  0.29/turn              e - ring of see invisible
MPRegen  0.11/turn              x - ring of wizardry

@: brilliant, agile, lethally poisoned (-1 -> -4), tree-form, hasted, very quick
A: (retaliatory headbutt), sense surroundings 1
a: Heroism, Renounce Religion


You were on level 7 of the Dungeon.
You worshipped Okawaru.
Okawaru was greatly pleased with you.
You were not hungry.
You were a tree.
You visited 1 branch of the dungeon, and saw 7 of its levels.

You collected 340 gold pieces.

Inventory:

Hand Weapons
 a - a +0 long sword (weapon)
 t - a +1 halberd of flaming
Armour
 b - a +0 scale mail (melded)
 c - a +0 shield (worn)
 r - a scarf of spirit shield (melded)
Jewellery
 e - a ring of see invisible (left branch)
 x - a ring of wizardry (right branch)
Wands
 s - a wand of acid (5)
 y - a wand of polymorph (3)
 z - a wand of disintegration (12)
Scrolls
 g - a scroll of enchant armour {unknown}
 j - 5 scrolls of fear {unknown}
 k - 4 scrolls of teleportation {unknown}
 l - a scroll of amnesia {unknown}
 n - 7 scrolls of identify {unknown}
 o - 3 scrolls of remove curse {unknown}
 v - a scroll of noise {unknown}
 w - a scroll of silence {unknown}
Potions
 d - 3 potions of might
 q - 2 potions of haste
Comestibles
 f - 19 rations
 A - a chunk of flesh


   Skills:
 + Level 6.6 Fighting
 + Level 9.5 Long Blades
 + Level 7.1 Armour
 + Level 5.1 Dodging
 + Level 1.3 Stealth
 + Level 8.3 Shields
 + Level 0.3 Invocations
 + Level 1.2 Evocations


You had 8 spell levels left.
You didn't know any spells.
Your spell library was empty.

Dungeon Overview and Level Annotations

Branches:
Dungeon (7/15)             Temple (0/1) D:5

Altars:
Okawaru
Qazlal
Sif Muna
Uskayaw
The Shining One

Shops:
D:7 *


Innate Abilities, Weirdness & Mutations

((You reflexively headbutt those who attack you in melee.))
((You have a pair of large horns on your head.))
You passively map a small area around you.


Message History

Unknown command.
You hit the killer bee.
The killer bee is severely wounded.
* * * LOW HITPOINT WARNING * * *
You feel sick. You block the killer bee's attack.
Unknown command.
You hit the killer bee.
You kill the killer bee!
Okawaru accepts your kill.
Your Dodging skill increases to level 5!
* * * LOW HITPOINT WARNING * * *
You feel sick.
Unknown command.
You hit the jelly.
Your branches burn!
* * * LOW HITPOINT WARNING * * *
The jelly is lightly wounded.
The jelly hits you but does no damage.
Unknown command.
You hit the jelly.
Your branches burn!
You die...

...####.##............#
#.....##
...####.##..##........#
#......#
####........##........#
#....#.#
########.......#####
#....#.## #######.#
####....#..# #.#
#.......##.# ### * #.#
#......###.# .....###.#
#).....# #.#
≈≈≈....J♣.# ########
#.. * ≈≈≈..##### ##. ,
∩≈≈ #. ≈ , #. ≈ , #. *
## * # # , #


You could see a jelly.

Vanquished Creatures
  Pikel (D:7)
  Sigmund (D:4)
  3 sky beasts
  3 slaves
  A phantom (D:4)
  4 ogres
  2 centaurs
  Blork the orc (D:5)
  2 bullfrogs
  2 scorpions
  3 wights (D:7)
  6 killer bees (D:7)
  5 crimson imps
  An orc priest (D:3)
  A jelly (D:5)
  2 centaur skeletons
  A hound (D:6)
  2 bullfrog skeletons
  2 orc wizards
  4 worker ants
  A hound zombie (D:7)
  A hound skeleton (D:6)
  5 gnolls
  9 adders
  A shadow imp (D:5)
  An ooze (D:1)
  3 dart slugs
  3 leopard geckos
  8 orcs
  11 giant cockroaches
  7 goblins
  6 hobgoblins
  11 jackals
  2 quokkas
  3 ball pythons
  A ball python skeleton (D:4)
  11 bats
  5 frilled lizards
  8 kobolds
  A leopard gecko skeleton (D:7)
  A leopard gecko zombie (D:7)
  2 quokka skeletons (D:4)
  9 rats
157 creatures vanquished.

Vanquished Creatures (others)
  A slave (D:7)
  A wight (D:7)
  A gnoll (D:7)
3 creatures vanquished.

Grand Total: 160 creatures vanquished

Notes
Turn   | Place    | Note
-------+----------+-------------------------------------------
     0 | D:1      | Peloso the Minotaur Fighter began the quest for the Orb.
     0 | D:1      | Reached XP level 1. HP: 19/19 MP: 0/0
    24 | D:1      | Reached XP level 2. HP: 10/27 MP: 1/1
   322 | D:1      | Reached XP level 3. HP: 33/33 MP: 2/2
  1003 | D:2      | Found an iron altar of Okawaru.
  1010 | D:2      | Became a worshipper of Warmaster Okawaru
  1172 | D:2      | Reached XP level 4. HP: 14/40 MP: 3/3
  1498 | D:2      | Reached skill level 1 in Dodging
  1621 | D:3      | Noticed a sky beast
  1624 | D:3      | Reached skill level 3 in Long Blades
  1881 | D:3      | Killed a sky beast
  1881 | D:3      | Reached * piety under Okawaru
  1881 | D:3      | Reached skill level 5 in Shields
  1881 | D:3      | Reached XP level 5. HP: 10/47 MP: 4/4
  2140 | D:3      | Found a stormy altar of Qazlal.
  2261 | D:3      | Reached skill level 4 in Long Blades
  2267 | D:3      | Reached XP level 6. HP: 21/53 MP: 5/5
  2604 | D:3      | Reached skill level 5 in Armour
  3092 | D:3      | Found a deep blue altar of Sif Muna.
  3262 | D:4      | Noticed Sigmund
  3275 | D:4      | Killed Sigmund
  3275 | D:4      | Reached skill level 5 in Long Blades
  3275 | D:4      | Reached XP level 7. HP: 43/60 MP: 4/6
  3298 | D:4      | Reached skill level 5 in Fighting
  3371 | D:4      | Reached ** piety under Okawaru
  3443 | D:4      | Reached skill level 6 in Long Blades
  4047 | D:5      | Entered Level 5 of the Dungeon
  4050 | D:5      | Reached skill level 1 in Evocations
  4088 | D:5      | Reached XP level 8. HP: 69/69 MP: 7/7
  4266 | D:5      | Noticed Blork the orc
  4272 | D:5      | Killed Blork the orc
  4272 | D:5      | Reached skill level 7 in Long Blades
  4347 | D:5      | Found a staircase to the Ecumenical Temple.
  4459 | D:5      | Found a glowing golden altar of the Shining One.
  4928 | D:6      | Reached skill level 1 in Stealth
  5281 | D:6      | Reached *** piety under Okawaru
  5470 | D:7      | Reached skill level 8 in Long Blades
  5521 | D:7      | Noticed Pikel
  5888 | D:7      | Killed Pikel
  5888 | D:7      | Reached **** piety under Okawaru
  5888 | D:7      | Reached skill level 9 in Long Blades
  5888 | D:7      | Reached XP level 9. HP: 71/77 MP: 4/8
  6156 | D:7      | Found a hide-covered altar of Uskayaw.
  6212 | D:7      | Found Giss's General Store.
  6258 | D:7      | Gained mutation: You have a pair of large horns on your
                  | head. [potion of mutation]
  6258 | D:7      | Gained mutation: You passively map a small area around you.
                  | [potion of mutation]
  6262 | D:7      | HP: 5/117 [poisoned by a killer bee]
  6265 | D:7      | Reached skill level 5 in Dodging
  6266 | D:7      | HP: 1/117 [acid (2)]
  6267 | D:7      | Splashed by a jelly's acid

Skill      XL: |  1  2  3  4  5  6  7  8  9 |
---------------+----------------------------+-----
Shields        | 4 5 6 8 |  8.3
Armour         | 4 5 6 7 |  7.1
Fighting       | 4 5 6 |  6.6
Dodging        | 1 2 3 4 5 |  5.1
Long Blades    | 3 4 5 6 9 |  9.5
Evocations     | 1 |  1.2
Stealth        | 1 |  1.3
Invocations    | |  0.3

Action                   |  1- 3 |  4- 6 |  7- 9 || total
-------------------------+-------+-------+-------++-------
Melee: Long sword        |   122 |   114 |   287 ||   523
       Headbutt          |    18 |    12 |    57 ||    87
Invok: Heroism           |       |       |     3 ||     3
Evoke: Wand              |       |     3 |     4 ||     7
  Use: Potion            |     2 |     2 |     7 ||    11
  Eat: Chunk             |       |     7 |    11 ||    18
Armor: Scale mail        |    83 |    72 |    56 ||   211
       Skin              |       |       |     4 ||     4
Dodge: Dodged            |    60 |    63 |    95 ||   218
Block: Shield            |    84 |    78 |   166 ||   328
       Rpst.: Long sword |    15 |    17 |    34 ||    66
